 Dungeon Crawl Stone Soup version 0.30-a0-360-g447f08457e (webtiles) character file.

Game seed: 5406103191175626756

2 HoaS the Shooter (level 1, -1/12 HPs)
             Began as a Kobold Hunter on Nov 13, 2022.
             Slain by a goblin
             ... wielding a +0 club
              (3 damage)
             ... on level 1 of the Dungeon.
             The game lasted 00:00:22 (49 turns).

HoaS the Shooter (Kobold Hunter)                      Turns: 49, Time: 00:00:23

Health: -1/12      AC:  3    Str:  8    XL:     1   Next: 33%
Magic:  1/1        EV: 14    Int: 10    God:
Gold:   4          SH:  0    Dex: 18    Spells: 0/0 levels left

rFire   . . .      SeeInvis .    a - +0 shortbow
rCold   . . .      Faith    .    (shield currently unavailable)
rNeg    . . .      Spirit   .    c - +0 leather armour
rPois   .          Reflect  .    (no helmet)
rElec   .          Harm     .    (no cloak)
rCorr   .          Rampage  .    (no gloves)
Will    .....                    (no boots)
Stlth   +++.......               (no amulet)
HPRegen 0.22/turn                (no ring)
MPRegen 0.07/turn                (no ring)

@: no status effects
A: small, no large weapons, nightstalker 3
a: no special abilities


You were on level 1 of the Dungeon.
You visited 1 branch of the dungeon, and saw 1 of its levels.

You collected 4 gold pieces.

Inventory:

Hand Weapons
 a - a +0 shortbow (weapon)
Armour
 c - a +0 leather armour (worn)
Scrolls
 b - a scroll of immolation
Potions
 d - a potion of cancellation {unknown}


   Skills:
 - Level 2.1 Fighting
 + Level 5.4 Ranged Weapons
 - Level 2.4 Dodging
 - Level 1.3 Stealth


You couldn't memorise any spells.
You didn't know any spells.
Your spell library was empty.

Dungeon Overview and Level Annotations

Branches:
Dungeon (1/15)

Altars:


Innate Abilities, Weirdness & Mutations

You are small and have problems with some larger weapons.
You are completely attuned to the shadows.


Message History

You shoot an arrow. The arrow hits the frilled lizard!
You kill the frilled lizard!
No target in view!
You start resting.
HP restored.
Found a sling.
No target in view!
A goblin comes into view. It is wielding a +0 club.
Found a faded altar of an unknown god.
Found a white potion.
The goblin shouts!
You hear a shout!
A kobold comes into view. It is wielding a +0 short sword.
You shoot an arrow. The arrow closely misses the goblin.
The goblin barely misses you.
You shoot an arrow. The arrow barely misses the goblin.
The goblin hits you but does no damage. The goblin hits you with a +0 club.
The kobold barely misses you.
You shoot an arrow. The arrow barely misses the kobold.
The goblin hits you but does no damage. The kobold closely misses you.
You shoot an arrow. The arrow barely misses the kobold.
The goblin completely misses you. The kobold closely misses you.
You shoot an arrow. The arrow barely misses the kobold.
The goblin hits you with a +0 club. The kobold closely misses you.
The goblin hits you with a +0 club. The kobold closely misses you.
You shoot an arrow. The arrow hits the kobold.
The kobold is moderately wounded.
The goblin hits you with a +0 club. The kobold barely misses you.
You shoot an arrow. The arrow barely misses the kobold.
The goblin hits you with a +0 club.
The kobold hits you with a +0 short sword.
You are too injured to fight recklessly!
You are too injured to fight recklessly!
You are too injured to fight recklessly!
You are too injured to fight recklessly!
You shoot an arrow. The arrow hits the kobold.
The kobold is severely wounded.
The kobold barely misses you. The goblin hits you with a +0 club.
* * * LOW HITPOINT WARNING * * *
The goblin hits you with a +0 club.
You die...

...........
.!..........
.8.8........
8.8K8g......
.8_8@....)..
8.8.8.......
.8.8........
............
............
........†...
.......#####
...........
####.######


You could see a goblin and a kobold.

Vanquished Creatures
  An endoplasm (D:1)
  A frilled lizard (D:1)
2 creatures vanquished.

Notes
Turn   | Place    | Note
-------+----------+-------------------------------------------
     0 | D:1      | HoaS the Kobold Hunter began the quest for the Orb.
     0 | D:1      | Reached XP level 1. HP: 12/12 MP: 1/1
    39 | D:1      | Found a faded altar of an unknown god.
    49 | D:1      | Slain by a goblin

Illustrated notes

Levels and vault maps discovered:
D:1:      ncdulo_lavacross, layout_basic, chequers_ecumenical_altar_simple_redux

Action                   || total
-------------------------++-------
 Fire: Shortbow          ||    14
Armor: Leather armour    ||     2
Dodge: Dodged            ||    11

Table legend: (Time is in decaauts)
 A = Elapsed time spent in this place.
 B = Non-inter-level travel time spent in this place.
 C = Inter-level travel time spent in this place.
 D = Time resting spent in this place.
 E = Time spent auto-exploring this place.
 F = Levels seen in this place.
 G = Mean time per level.
                   A        B        C        D        E       F      G
               +--------+--------+--------+--------+--------+-----+--------+
         Total |     52 |     52 |      0 |     11 |     17 |   1 |   52.0 |
       Dungeon |     52 |     52 |      0 |     11 |     17 |   1 |   52.0 |
               +--------+--------+--------+--------+--------+-----+--------+

Top non-repeatable levels by time:
     D:1: 52 daAuts
